[ AOE2 MATCH · #505128302 ]
UnrankedSpanish vs Persians
[ REPLAY ANALYSIS · EXTRACTED FROM THE RECORDED GAME ]
Feudal
—
Castle
—
Imperial
—
| APM avg | 6.4 |
| APM peak | 36 |
| eAPM avg | 4.1 |
| Villagers / military | 4 / 0 |
Focus
⚔️ 25.0% · 🌾 75.0%
Feudal
—
Castle
—
Imperial
—
| APM avg | 40.5 |
| APM peak | 68 |
| eAPM avg | 17.7 |
| Villagers / military | 18 / 0 |
Focus
⚔️ 28.6% · 🌾 71.4%
Feudal
—
Castle
—
Imperial
—
| APM avg | 15.8 |
| APM peak | 71 |
| eAPM avg | 1.9 |
| Villagers / military | 5 / 0 |
Focus
⚔️ 0.0% · 🌾 100.0%
Feudal
—
Castle
—
Imperial
—
| APM avg | 64.6 |
| APM peak | 76 |
| eAPM avg | 14.2 |
| Villagers / military | 20 / 0 |
Focus
⚔️ 26.4% · 🌾 73.6%
Feudal
—
Castle
—
Imperial
—
| APM avg | 1.1 |
| APM peak | 6 |
| eAPM avg | 1.1 |
| Villagers / military | 4 / 0 |
Focus
⚔️ 0.0% · 🌾 100.0%
Feudal
—
Castle
—
Imperial
—
| APM avg | 40.0 |
| APM peak | 56 |
| eAPM avg | 21.8 |
| Villagers / military | 21 / 0 |
Focus
⚔️ 6.8% · 🌾 93.2%
Feudal
—
Castle
—
Imperial
—
| APM avg | 44.4 |
| APM peak | 68 |
| eAPM avg | 19.1 |
| Villagers / military | 19 / 0 |
Focus
⚔️ 17.1% · 🌾 82.9%
Feudal
—
Castle
—
Imperial
—
| APM avg | 46.5 |
| APM peak | 61 |
| eAPM avg | 17.9 |
| Villagers / military | 16 / 0 |
Focus
⚔️ 29.7% · 🌾 70.3%
Match map
Initial resources + every placement click. Lines = walls · curves = elevation contours. ◆ gold · ⬟ stone · ● berries · ✦ relic · ◌ wall gap
Your base
Bad Panda's base
NestorAoe's base
Wazded's base
Eizenh3im's base
Bjorn Ironside's base
Hakka1_90's base
TheHornyGuy's base
Smoothed initial terrain · ◌ = detected wall gap · hover for details
Inputs per minute
— [CL] ElPali - - Bad Panda
Build order — [CL] ElPali
3 actions detected in the replay
| 0:01 | Create | Villager (Male) ×4 |
| 0:04 | Build | House |
| 0:06 | Build | House |
Build order — Bad Panda
22 actions detected in the replay
| 0:02 | Create | Villager (Male) |
| 0:02 | Create | Villager (Male) |
| 0:02 | Create | Villager (Male) |
| 0:02 | Create | Villager (Male) |
| 0:05 | Build | House |
| 0:07 | Build | House |
| 0:25 | Create | Villager (Male) |
| 0:25 | Create | Villager (Male) |
| 1:26 | Create | Villager (Male) |
| 1:26 | Create | Villager (Male) |
| 1:50 | Create | Villager (Male) |
| 2:10 | Create | Villager (Male) |
| 2:11 | Create | Villager (Male) |
| 2:20 | Create | Villager (Male) |
| 2:42 | Build | Lumber Camp |
| 2:53 | Create | Villager (Male) |
| 2:53 | Create | Villager (Male) |
| 3:25 | Create | Villager (Male) |
| 3:26 | Create | Villager (Male) |
| 3:54 | Build | House |
| 4:02 | Create | Villager (Male) |
| 4:55 | Create | Villager (Male) |
Build order — NestorAoe
2 actions detected in the replay
| 0:02 | Create | Villager (Male) ×4 |
| 1:32 | Create | Villager (Male) |
Build order — Wazded
25 actions detected in the replay
| 0:01 | Create | Villager (Male) |
| 0:02 | Create | Villager (Male) |
| 0:02 | Create | Villager (Male) |
| 0:04 | Build | House |
| 0:07 | Build | House |
| 1:02 | Create | Villager (Male) |
| 1:12 | Create | Villager (Male) |
| 1:13 | Create | Villager (Male) |
| 1:48 | Create | Villager (Male) |
| 1:48 | Create | Villager (Male) |
| 2:07 | Create | Villager (Male) |
| 2:10 | Build | Lumber Camp |
| 2:40 | Create | Villager (Male) |
| 2:40 | Create | Villager (Male) |
| 2:54 | Create | Villager (Male) |
| 2:55 | Create | Villager (Male) |
| 3:06 | Create | Villager (Male) |
| 3:06 | Create | Villager (Male) |
| 3:50 | Build | House |
| 4:00 | Create | Villager (Male) |
| 4:01 | Create | Villager (Male) |
| 4:01 | Create | Villager (Male) |
| 4:55 | Create | Villager (Male) |
| 5:20 | Create | Villager (Male) |
| 5:35 | Build | Mill |
Build order — Eizenh3im
1 actions detected in the replay
| 0:11 | Create | Villager (Male) ×4 |
Build order — Bjorn Ironside
27 actions detected in the replay
| 0:01 | Create | Villager (Male) |
| 0:03 | Build | House |
| 0:04 | Build | House |
| 0:05 | Create | Villager (Male) |
| 0:07 | Create | Villager (Male) |
| 0:09 | Create | Villager (Male) |
| 1:23 | Create | Villager (Male) |
| 1:46 | Build | House |
| 1:51 | Create | Villager (Male) |
| 2:11 | Build | House |
| 2:26 | Create | Villager (Male) |
| 2:26 | Create | Villager (Male) |
| 2:52 | Create | Villager (Male) |
| 2:53 | Create | Villager (Male) |
| 3:22 | Build | Lumber Camp |
| 3:37 | Create | Villager (Male) |
| 3:37 | Create | Villager (Male) |
| 3:41 | Build | House |
| 3:55 | Create | Villager (Male) |
| 3:55 | Create | Villager (Male) |
| 4:16 | Create | Villager (Male) |
| 4:16 | Create | Villager (Male) |
| 4:25 | Create | Villager (Male) |
| 4:41 | Create | Villager (Male) |
| 4:41 | Create | Villager (Male) |
| 5:14 | Create | Villager (Male) |
| 5:15 | Create | Villager (Male) |
Build order — Hakka1_90
24 actions detected in the replay
| 0:00 | Create | Villager (Male) |
| 0:01 | Create | Villager (Male) |
| 0:01 | Create | Villager (Male) |
| 0:02 | Build | House |
| 0:03 | Build | House |
| 0:07 | Create | Villager (Male) |
| 0:08 | Create | Villager (Male) |
| 1:38 | Create | Villager (Male) |
| 1:38 | Create | Villager (Male) |
| 2:17 | Create | Villager (Male) |
| 2:17 | Create | Villager (Male) |
| 2:36 | Build | Lumber Camp |
| 2:46 | Create | Villager (Male) |
| 2:46 | Create | Villager (Male) |
| 2:54 | Create | Villager (Male) |
| 2:59 | Build | House |
| 3:08 | Create | Villager (Male) |
| 3:09 | Create | Villager (Male) |
| 4:06 | Create | Villager (Male) |
| 4:06 | Create | Villager (Male) |
| 4:07 | Create | Villager (Male) |
| 4:23 | Create | Villager (Male) |
| 4:42 | Build | Mining Camp |
| 4:51 | Create | Villager (Male) |
Build order — TheHornyGuy
20 actions detected in the replay
| 0:00 | Create | Villager (Male) |
| 0:01 | Create | Villager (Male) |
| 0:01 | Create | Villager (Male) |
| 0:01 | Create | Villager (Male) |
| 0:04 | Build | House |
| 0:05 | Build | House |
| 1:22 | Create | Villager (Male) |
| 1:42 | Create | Villager (Male) |
| 1:47 | Build | Lumber Camp |
| 2:14 | Create | Villager (Male) |
| 2:14 | Create | Villager (Male) |
| 3:07 | Create | Villager (Male) |
| 3:14 | Create | Villager (Male) |
| 3:29 | Create | Villager (Male) |
| 3:49 | Build | House |
| 3:58 | Create | Villager (Male) |
| 4:11 | Create | Villager (Male) |
| 4:25 | Create | Villager (Male) |
| 5:25 | Create | Villager (Male) |
| 5:25 | Create | Villager (Male) |
Match timeline
| 0:15 | Eizenh3im · resign |
[ AI ANALYSIS · 1 CREDIT ]
What really happened in this match?
Wolo.gg analyzes every decision: build order, eco, micro, common mistakes by bracket. Personalized analysis on WhatsApp or Discord in 30 seconds.
Civ guide
Spanish
Perfil
[CL] ElPali